Construct Infanterie Kompanie
Selects Mechanized Battlegroup
Infanterie Officer Quarters
Selects Mobile Repair Stations
Construct Luftwaffe Kompanie
Selects Wespe Self-propelled Artillery
Wespe Self-propelled Artillery
Wespe Self-propelled Artillery
Selects Zeroing Artillery Barrage
Selects Zeroing Artillery Barrage
Zeroing Artillery Barrage
Marder III M Tank Destroyer
Wespe Self-propelled Artillery
Wespe Self-propelled Artillery
Zeroing Artillery Barrage
Wespe Self-propelled Artillery
Selects StuG Assault Group
Marder III M Tank Destroyer
Zeroing Artillery Barrage